 Dungeon Sprint DCSS version 0.31-a0-426-g3a05650e59 (webtiles) character file.

Game seed: 3970796047691341368

0 Monkooky the Sneak (level 1, -2/12 HPs)
             Began as a Kobold Brigand on July 30, 2023.
             Was an Initiate of Wu Jian.
             Slain by a hell rat (7 damage)
             ... in the Dungeon (Sprint VI: "Thunderdome").
             The game lasted 00:01:38 (93 turns).

Monkooky the Sneak (Kobold Brigand)                   Turns: 93, Time: 00:01:38

Health: -2/12      AC:  4    Str:  4    XL:     1   Next: 11%
Magic:  1/1        EV: 14    Int: 12    God:    Wu Jian [......]
Gold:   15         SH:  0    Dex: 16    Spells: 0/0 levels left

rFire   . . .        a - +2 dagger
rCold   + + .        (no shield)
rNeg    . . .        p - +1 animal skin of the Everdark {+Blink rC++ Will+ Str-4}
rPois   .            (no helmet)
rElec   .            c - +0 cloak
rCorr   .            (no gloves)
SInv    .            (no boots)
Will    +....        (no amulet)
Stlth   ++++         (no ring)
HPRegen 0.22/turn    (no ring)
MPRegen 0.07/turn

%: no teleportation
@: no status effects
A: small, no large weapons, nightstalker 3
a: Renounce Religion, Evoke Blink


You were in the Dungeon.
You worshipped Wu Jian.
Wu Jian was noncommittal.
You visited 1 branch You collected 200 gold pieces.
You spent 185 gold pieces at shops.

Inventory:

Hand Weapons
 a - a +2 dagger (weapon)
Missiles
 d - 9 poisoned darts (quivered)
 e - 3 curare-tipped darts
Armour
 b - a +0 robe
 c - a +0 cloak (worn)
 p - the +1 animal skin of the Everdark (worn) {+Blink rC++ Will+ Str-4}
   (You bought it in a shop in the Dungeon)

   Str:       It affects your strength (-4).
   rC:        It greatly protects you from cold.
   +Blink:    It lets you blink.
   Will:      It increases your willpower.
Wands
 l - a wand of iceblast (4)
 m - a wand of light (4)
Scrolls
 k - 4 scrolls of blinking
 n - 3 scrolls of fog
Potions
 f - a potion of curing
 g - 4 potions of heal wounds
 h - 4 potions of haste
 i - 2 potions of magic
 j - a potion of berserk rage
 o - a potion of resistance


   Skills:
 - Level 2.1 Fighting
 - Level 2.6 Short Blades
 - Level 2.1 Throwing
 - Level 1.2 Dodging
 - Level 5.3 Stealth
 * Level 1.7 Evocations


You couldn't memorise any spells.
You didn't know any spells.
Your spell library was empty.

Dungeon Overview and Level Annotations

Branches:
Dungeon (1/1)

Altars:
Cheibriados
Dithmenos
Fedhas
Gozag
Kikubaaqudgha
Okawaru
Qazlal
Ru
Sif Muna
Uskayaw
Vehumet
Wu Jian
Xom
Zin
The Shining One
Lugonu

Shops:
D *[=???:[((!!!!

Annotations:
D Pargi


Innate Abilities, Weirdness & Mutations

You are small and have problems with some larger weapons.
You are completely attuned to the shadows.


Message History

Found Plog's Magic Scroll Shop and Xaalaj's Must-Have Magic.
Found Memubli's Staff Store.
Found three altars.
There is an entrance to Xaalaj's Must-Have Magic here.
There is an entrance to Memubli's Staff Store here.
There is an entrance to Xaalaj's Must-Have Magic here.
There is an entrance to Plog's Magic Scroll Shop here.
There is an entrance to Cotuulutakk's Magic Scroll Shop here.
There is an opulent altar of Gozag here.
There is a blossoming altar of Fedhas here.
Pargi the Meek comes into view.
Pargi is nearby!
Found a shimmering altar of Xom.
Found a glowing golden altar of the Shining One.
Found Moiluave's Do-It-Yourself Clinic and Ifuont's Distillery.
Found three altars.
Found Ozodiz's Bottled Wisdom and Maaddes's Distillery.
Found a radiant altar of Vehumet.
Found an iron altar of Okawaru.
Found Hoder's Weapon Rack.
Pargi shouts!
You hear a deafening roar!
A hell rat comes into view.
Found Paxkeowk's Basic Armour.
Aiming: Iceblast
Press: ? - help, Shift-Dir - straight line The mass of ice explodes!
The iceblast engulfs the hell rat.
The hell rat is moderately wounded.
The iceblast engulfs Pargi!
Pargi is moderately wounded.
Pargi bites you. Pargi barely misses you. Pargi misses you.
The hell rat completely misses you.
Unknown command.
Pargi attacks as you move away! Pargi barely misses you.
Pargi closely misses you. Pargi claws you.
Aiming: Bolt of Light
Press: ? - help, Shift-Dir - straight line, f - Pargi
Aim: Pargi (moderately wounded, 64% to hit)
The bolt of light misses Pargi.
Pargi barely misses you. Pargi closely misses you. Pargi claws you.
The hell rat bites you!
Ouch! That really hurt!
You die...

........###...###..........⌠
...........###.............#
∩........8.# #.8........∩###
#∩__.......###......___∩##
######.8.........8.######
#⌠...........⌠# ......###
....r_# ....T@# ....._#
.....∩# ....∩## ...#


You could see Pargi and a hell rat.

Vanquished Creatures
  A rat (D)
1 creature vanquished.

Notes
Turn   | Place    | Note
-------+----------+-------------------------------------------
     0 | D        | Monkooky the Kobold Brigand began the quest for the Orb.
     0 | D        | Reached XP level 1. HP: 12/12 MP: 1/1
     5 | D        | Found a snail-covered altar of Cheibriados.
     5 | D        | Round 1.
     6 | D        | Found a shadowy altar of Dithmenos.
     7 | D        | Found Ruvy's Identification Station.
     8 | D        | Found Memum's Advanced Armour.
    13 | D        | Bought a bronze animal skin for 185 gold pieces
    13 | D        | Identified the +1 animal skin of the Everdark {+Blink rC++
                  | Will+ Str-4} (You bought it in a shop in the Dungeon)
    24 | D        | Found Umistusk's Jewellery.
    25 | D        | Found Qoupyji's Timeless Talismans.
    25 | D        | Found an ornate altar of the Wu Jian Council.
    25 | D        | Found a glowing silver altar of Zin.
    32 | D        | Reached skill level 1 in Evocations
    34 | D        | Became a worshipper of the Wu Jian Council
    37 | D        | Found a blossoming altar of Fedhas.
    41 | D        | Found an opulent altar of Gozag.
    42 | D        | Found Cotuulutakk's Magic Scroll Shop.
    43 | D        | Found Plog's Magic Scroll Shop.
    43 | D        | Found Xaalaj's Must-Have Magic.
    44 | D        | Found a corrupted altar of Lugonu.
    44 | D        | Found a shimmering blue altar of Sif Muna.
    44 | D        | Found an ancient bone altar of Kikubaaqudgha.
    44 | D        | Found Memubli's Staff Store.
    64 | D        | Noticed Pargi
    75 | D        | Found a shimmering altar of Xom.
    76 | D        | Found a glowing golden altar of the Shining One.
    77 | D        | Found a stormy altar of Qazlal.
    77 | D        | Found a sacrificial altar of Ru.
    77 | D        | Found a hide-covered altar of Uskayaw.
    77 | D        | Found Moiluave's Do-It-Yourself Clinic.
    77 | D        | Found Ifuont's Distillery.
    78 | D        | Found Ozodiz's Bottled Wisdom.
    78 | D        | Found Maaddes's Distillery.
    86 | D        | Found a radiant altar of Vehumet.
    88 | D        | Found an iron altar of Okawaru.
    89 | D        | Found Hoder's Weapon Rack.
    89 | D        | Noticed a hell rat
    90 | D        | Found Paxkeowk's Basic Armour.
    93 | D        | Slain by a hell rat

Illustrated notes

Levels and vault maps discovered:
D:        arena_sprint

Skill      XL: |  1 |
---------------+----+-----
Evocations     | 1 |  1.7
Fighting       | |  2.1
Short Blades   | |  2.6
Throwing       | |  2.1
Dodging        | |  1.2
Stealth        | |  5.3

Action                     || total
---------------------------++-------
  Melee: Dagger            ||     3
  Evoke: Wand              ||     2
 Armour: Animal skin       ||     1
  Dodge: Dodged            ||     7

Table legend: (Time is in decaauts)
 A = Elapsed time spent in this place.
 B = Non-inter-level travel time spent in this place.
 C = Inter-level travel time spent in this place.
 D = Time resting spent in this place.
 E = Time spent auto-exploring this place.
 F = Levels seen in this place.
 G = Mean time per level.
                   A        B        C        D        E       F      G
               +--------+--------+--------+--------+--------+-----+--------+
         Total |     92 |     92 |      0 |      0 |     15 |   1 |   92.0 |
       Dungeon |     92 |     92 |      0 |      0 |     15 |   1 |   92.0 |
               +--------+--------+--------+--------+--------+-----+--------+

Top non-repeatable levels by time:
       D: 92 daAuts
